 Dungeon Crawl Stone Soup version 0.25.1-2-g60ff931df9 (webtiles) character file.

Game seed: 17794157807704120514

11057 DogServant the Brawler (level 11, 0/93 (95) HPs)
             Began as a Minotaur Transmuter on Oct 18, 2020.
             Was an Elder of Makhleb.
             Slain by a tyrant leech (11 damage)
             ... on level 2 of the Lair of Beasts.
             The game lasted 00:17:51 (12131 turns).

DogServant the Brawler (Minotaur Transmuter)       Turns: 12131, Time: 00:17:52

HP:   0/93 (95)     AC: 14    Str: 19    XL:     11   Next: 44%
MP:   12/12         EV:  9    Int: 10    God:    Makhleb [****..]
Gold: 427           SH:  0    Dex: 10    Spells: 11/12 levels left

rFire    . . .     SeeInvis .     - Unarmed
rCold    . . .     Gourm    .   (no shield)
rNeg     . . .     Faith    .   A - +0 chain mail
rPois    .         Spirit   .   K - +0 hat
rElec    .         Reflect  .   k - scarf {repulsion}
rCorr    .         Harm     .   (no gloves)
MR       .....                  (no boots)
Stlth    ..........             (no amulet)
HPRegen  0.25/turn              r - +4 ring of slaying
MPRegen  0.13/turn              G - +4 ring of protection

@: repel missiles
A: retaliatory headbutt, horns 2
a: Minor Destruction, Lesser Servant of Makhleb, Major Destruction, Renounce
Religion


You were on level 2 of the Lair of Beasts.
You worshipped Makhleb.
Makhleb was greatly pleased with you.
You were very hungry.

You visited 2 branches of the dungeon, and saw 12 of its levels.

You collected 427 gold pieces.

Inventory:

Missiles
 a - 178 arrows
 v - 16 poisoned darts (quivered)
 E - 4 javelins
Armour
 b - a +0 robe
 k - a scarf of repulsion (worn)
 t - a +1 cloak
 A - a +0 chain mail (worn)
 K - a +0 hat (worn)
Jewellery
 r - a +4 ring of slaying (left hand)
 G - a +4 ring of protection (right hand)
Wands
 j - a wand of flame (37)
 u - a wand of random effects (34)
 y - a wand of iceblast (16)
Scrolls
 c - 8 scrolls of remove curse
 m - 3 scrolls of fear
 n - 2 scrolls of magic mapping
 q - 3 scrolls of blinking
 s - a scroll of enchant armour
 w - 6 scrolls of teleportation
 H - 2 scrolls of identify
 I - a scroll of fog
Potions
 g - 2 potions of cancellation
 h - 4 potions of curing
 i - a potion of resistance
 l - 5 potions of lignification
 o - 2 potions of mutation
 p - 3 potions of stabbing
 x - a potion of berserk rage
 z - 2 potions of brilliance
 B - a potion of magic {unknown}
 D - 4 potions of heal wounds
 F - a potion of flight {unknown}
 L - 2 potions of might
Comestibles
 d - 28 rations


   Skills:
 + Level 8.3 Fighting
 - Level 6.0 Armour
 - Level 6.0 Dodging
 + Level 15.2 Unarmed Combat
 - Level 1.3 Spellcasting
 - Level 1.5 Transmutations
 - Level 2.0 Invocations
 + Level 3.9 Evocations


You had 11 spell levels left.
You knew the following spells:

 Your Spells              Type           Power        Failure   Level  Hunger
a - Beastly Appendage     Tmut           #.....       87%         1    ##.....

Your spell library contained the following spells:

 Spells                   Type           Power        Failure   Level  Hunger
 Sticks to Snakes         Tmut           #.......     95%         2    ###....
 Infusion                 Chrm           #...         97%         1    ##.....
 Magic Dart               Conj           #...         97%         1    ##.....
 Blink                    Tloc           N/A          99%         2    ###....
 Call Imp                 Summ           #.......     99%         2    ###....
 Shroud of Golubria       Chrm/Tloc      #.....       99%         2    ###....
 Slow                     Hex            #.......     99%         2    ###....
 Song of Slaying          Chrm           #.......     99%         2    ###....
 Confusing Touch          Hex            #.......     100%        3    ####...
 Conjure Flame            Conj/Fire      #.......     100%        3    ####...
 Gell's Gravitas          Tloc           #.........   100%        3    ####...
 Mephitic Cloud           Conj/Pois/Air  #.......     100%        3    ####...
 Ozocubu's Armour         Chrm/Ice       #.......     100%        3    ####...
 Spectral Weapon          Hex/Chrm       #.......     100%        3    ####...
 Spider Form              Tmut/Pois      #.........   100%        3    ####...
 Cause Fear               Hex            #.........   100%        4    #####..
 Ice Form                 Ice/Tmut       #.......     100%        4    #####..
 Petrify                  Tmut/Erth      #.......     100%        4    #####..
 Blade Hands              Tmut           #.........   100%        5    ######.
 Metabolic Englaciation   Hex/Ice        #.........   100%        5    ######.
 Silence                  Hex/Air        #.........   100%        5    ######.
 Yara's Violent Unravell  Hex/Tmut       #.........   100%        5    ######.
 Discord                  Hex            #.........   100%        8    #######


Dungeon Overview and Level Annotations

Branches:
Dungeon (10/15)            Temple (0/1) D:7            Lair (2/6) D:9
    Orc (0/2) D:9
  Swamp: Lair:2-4    Shoals: Lair:2-4     Snake: Lair:2-4    Spider: Lair:2-4

Altars:
Ashenzari
Dithmenos
Kikubaaqudgha
Makhleb
Okawaru
Qazlal
Sif Muna
Trog
Xom
Zin

Shops:
D:4 !


Innate Abilities, Weirdness & Mutations

You reflexively headbutt those who attack you in melee.
You have a pair of horns on your head.


Message History

Press: ? - help, Shift-Dir - straight line, f/p - tyrant leech
Aim: a tyrant leech (severely wounded, chance to defeat MR: 65%)
The tyrant leech struggles to resist.
The now-empty wand crumbles to dust.
Evoke which item? (* to show all) (? for menu, Esc to quit)
You don't have any such object.
Evoke which item? (* to show all) (? for menu, Esc to quit)
Okay, then.
Evoke which item? (* to show all) (? for menu, Esc to quit)
You don't have any such object.
Evoke which item? (* to show all) (? for menu, Esc to quit)
Okay, then.
Your chain mail prevents you from hitting the tyrant leech.
The tyrant leech is severely wounded.
The tyrant leech bites you!!
* * * LOW HITPOINT WARNING * * *
The tyrant leech draws strength from your injuries!
You punch the tyrant leech!
The tyrant leech is almost dead.
The tyrant leech bites you!
You die...

#### ######♣♣
##..####.##...♣♣ #
...............♣♣♣♣♣....
................@w......
........................
..).....................
.#.#.....#...........##.
###.....P##.........##
##.....###.......##
#.....## #...P...#
##....P# ...%.%.P.
#.....P#


You could see a tyrant leech.

Vanquished Creatures
  A hydra (Lair:2)
  A centaur zombie (D:10)
  Joseph (Lair:1)
  2 spiny frogs (Lair:1)
  Psyche (D:9)
  3 hippogriffs
  3 blink frogs (Lair:1)
  A wraith (D:10)
  5 yaks
  A steam dragon (D:10)
  A soldier ant (D:8)
  Menkaure (D:5)
  8 porcupines
  Duvessa (D:7)
  3 sky beasts
  3 ice beasts
  2 orc warriors
  3 necrophages
  3 phantoms
  3 black bears
  4 centaurs
  2 ogres
  A crocodile (Lair:1)
  8 bullfrogs
  Dowan (D:7)
  A wyvern skeleton (D:10)
  3 scorpions
  4 killer bees (D:10)
  4 wights (D:10)
  3 howler monkeys
  3 crimson imps
  2 bullfrog zombies (D:6)
  A jelly (D:7)
  A quasit (D:9)
  2 orc priests
  7 hounds
  A bullfrog skeleton (D:5)
  3 centaur skeletons
  2 iguanas
  Ijyb (D:5)
  6 orc wizards
  14 worker ants
  2 worker ant zombies
  3 gnolls (D:6)
  14 adders
  A shadow imp (D:9)
  3 oozes
  4 adder skeletons
  3 worms
  A dart slug (D:1)
  3 leopard geckos
  25 orcs
  3 giant cockroaches
  3 goblins (D:1)
  7 hobgoblins
  8 jackals
  11 kobolds
  3 quokkas
  2 ball pythons (D:1)
  12 bats
  3 frilled lizards
  3 quokka zombies
  8 rats
243 creatures vanquished.

Vanquished Creatures (collateral kills)
  Maggie (D:10)
1 creature vanquished.

Vanquished Creatures (others)
  4 fungi (D:9)
4 creatures vanquished.

Grand Total: 248 creatures vanquished

Notes
Turn   | Place    | Note
-------+----------+-------------------------------------------
     0 | D:1      | DogServant the Minotaur Transmuter began the quest for the
                  | Orb.
     0 | D:1      | Reached XP level 1. HP: 16/16 MP: 1/1
   330 | D:1      | Reached XP level 2. HP: 19/23 MP: 3/3
   392 | D:1      | Reached skill level 4 in Unarmed Combat
  1015 | D:1      | Reached XP level 3. HP: 28/28 MP: 4/4
  1509 | D:2      | Reached skill level 5 in Unarmed Combat
  1857 | D:2      | Reached XP level 4. HP: 28/35 MP: 3/5
  2287 | D:2      | Found an ancient bone altar of Kikubaaqudgha.
  2296 | D:2      | Found a shimmering blue altar of Sif Muna.
  2311 | D:2      | Found a shattered altar of Ashenzari.
  2318 | D:2      | Found a burning altar of Makhleb.
  2323 | D:2      | Found a glowing silver altar of Zin.
  2330 | D:2      | Found a shadowy altar of Dithmenos.
  2335 | D:2      | Found a bloodstained altar of Trog.
  2347 | D:2      | Became a worshipper of Makhleb the Destroyer
  2782 | D:3      | Reached skill level 6 in Unarmed Combat
  3218 | D:3      | Reached XP level 5. HP: 40/40 MP: 6/6
  3395 | D:4      | Reached skill level 1 in Armour
  3409 | D:4      | Reached * piety under Makhleb
  3414 | D:4      | Found Ciroil's Distillery.
  3419 | D:4      | Reached XP level 6. HP: 15/50 MP: 5/7
  3909 | D:4      | Found an iron altar of Okawaru.
  4436 | D:5      | Entered Level 5 of the Dungeon
  4451 | D:5      | Noticed Ijyb
  4463 | D:5      | Killed Ijyb
  4682 | D:5      | Noticed a hippogriff
  4707 | D:5      | Killed a hippogriff
  4707 | D:5      | Reached skill level 7 in Unarmed Combat
  4707 | D:5      | Reached XP level 7. HP: 8/58 MP: 8/8
  5121 | D:5      | Noticed Menkaure
  5132 | D:5      | Killed Menkaure
  5147 | D:5      | Reached XP level 8. HP: 48/66 MP: 9/9
  5543 | D:5      | Reached skill level 5 in Fighting
  5543 | D:5      | Reached skill level 5 in Dodging
  6044 | D:6      | Reached skill level 5 in Armour
  6106 | D:6      | Reached skill level 8 in Unarmed Combat
  6627 | D:6      | Got a faintly glowing rapier
  6628 | D:6      | Identified the cursed +1 rapier of Chaos {venom, Str+5}
                  | (You found it on level 6 of the Dungeon)
  6932 | D:6      | Reached ** piety under Makhleb
  6957 | D:6      | Found a shimmering altar of Xom.
  6972 | D:6      | Reached skill level 9 in Unarmed Combat
  7160 | D:7      | Noticed Duvessa
  7160 | D:7      | Noticed Dowan
  7174 | D:7      | Killed Duvessa
  7174 | D:7      | Reached XP level 9. HP: 67/74 MP: 10/10
  7178 | D:7      | Killed Dowan
  7178 | D:7      | Reached skill level 1 in Invocations
  7185 | D:7      | Reached skill level 1 in Evocations
  7329 | D:7      | Found a shimmering altar of Xom.
  7710 | D:7      | Reached skill level 10 in Unarmed Combat
  7918 | D:7      | Found a staircase to the Ecumenical Temple.
  8045 | D:8      | Reached *** piety under Makhleb
  8065 | D:8      | Reached skill level 11 in Unarmed Combat
  8688 | D:9      | Found a staircase to the Orcish Mines.
  8723 | D:9      | Noticed Psyche
  8731 | D:9      | Killed Psyche
  8731 | D:9      | Reached skill level 12 in Unarmed Combat
  8812 | D:9      | Reached XP level 10. HP: 81/81 MP: 11/11
  9123 | D:9      | Found a staircase to the Lair.
  9267 | D:9      | Found a stormy altar of Qazlal.
  9478 | D:10     | Entered Level 10 of the Dungeon
  9484 | D:10     | Reached skill level 13 in Unarmed Combat
  9781 | D:10     | Reached **** piety under Makhleb
 10019 | D:10     | Reached skill level 14 in Unarmed Combat
 10149 | D:10     | Noticed Maggie
 10156 | D:10     | Killed Maggie
 10776 | Lair:1   | Entered Level 1 of the Lair of Beasts
 10781 | Lair:1   | Noticed a spiny frog
 10793 | Lair:1   | Killed a spiny frog
 10793 | Lair:1   | Reached XP level 11. HP: 79/90 MP: 12/12
 11095 | Lair:1   | Noticed Joseph
 11114 | Lair:1   | Killed Joseph
 11114 | Lair:1   | Reached skill level 15 in Unarmed Combat
 11426 | Lair:1   | Found an ancient bone altar of Kikubaaqudgha.
 12032 | Lair:2   | Noticed a four-headed hydra
 12038 | Lair:2   | Killed a four-headed hydra
 12131 | Lair:2   | Slain by a tyrant leech

Illustrated notes

Levels and vault maps discovered:
D:1:      elethiomel_arrival_infinity_welcomes_careful_drivers,
          layout_loops_ring, minmay_curled_crystal, minmay_misc_feat_iff,
          minmay_close_crescents
D:2:      layout_basic, grunt_temple_overflow_octagram, first_ration
D:3:      layout_rooms, glass_columns_a, minmay_cupped
D:4:      layout_cave_pools, serial_shops, nicolae_shop_stone, okawaru_trees_2
D:5:      layout_layer_cave, uniq_menkaure, uniq_ijyb
D:6:      layout_basic, tgw_xom
D:7:      layout_rooms, temple_hall, basic_altar, grunt_ogre_cave, uniq_duvessa
D:8:      layout_rooms
D:9:      layout_roguey, marbit_many_paths, due_lair_maze_entry_diamond,
          uniq_psyche
D:10:     layout_gridville, uniq_maggie
Lair:1:   layout_regular_city, basic_altar, uniq_joseph
Lair:2:   layout_long_grid, minmay_swamp_entry_worms,
          nicolae_spider_entry_tight_spaces, grunt_megastairs_1,
          lemuel_fruit_tree

Skill      XL: |  1  2  3  4  5  6  7  8  9 10 11 |
---------------+----------------------------------+-----
Unarmed Combat | 4 5 6 7 9 12 14 15 | 15.2
Armour         | 1 3 4 5 6 |  6.0
Fighting       | 2 3 4 6 7 8 |  8.3
Dodging        | 4 6 |  6.0
Invocations    | 2 |  2.0
Evocations     | 2 3 |  3.9
Spellcasting   | |  1.3
Transmutations | |  1.5

Action                   |  1- 3 |  4- 6 |  7- 9 | 10-12 || total
-------------------------+-------+-------+-------+-------++-------
Melee: Unarmed           |    90 |   131 |   271 |   229 ||   721
       Headbutt          |    13 |    19 |    53 |    35 ||   120
       Punch             |     1 |     1 |     9 |    10 ||    21
       Kick              |     1 |     5 |       |       ||     6
 Cast: Beastly Appendage |     5 |     8 |       |       ||    13
Invok: Lesser Servant of |       |       |       |     1 ||     1
Evoke: Wand              |       |       |     1 |     4 ||     5
  Use: Scroll            |       |     8 |    12 |     6 ||    26
       Potion            |       |     4 |       |       ||     4
 Stab: Sleeping          |       |     1 |       |       ||     1
       Invisible         |       |       |     1 |       ||     1
  Eat: Chunk             |     3 |     6 |    13 |     6 ||    28
       Ration            |       |     1 |       |     1 ||     2
Armor: Robe              |    24 |     6 |       |       ||    30
       Ring mail         |       |    31 |    82 |    43 ||   156
       Chain mail        |       |       |       |    30 ||    30
Dodge: Dodged            |    67 |    95 |   121 |   102 ||   385
       Repelled          |       |     1 |     5 |     2 ||     8
